 Dungeon Crawl Stone Soup version 0.20.1-1-g8b1a95d (webtiles) character file.

22 Hurrycane the Gusty (level 2, -1/18 HPs)
             Began as a Tengu Air Elementalist on July 13, 2017.
             Slain by a goblin
             ... wielding a +0 dagger of venom
             ... led by Robin
              (7 damage)
             ... on level 2 of the Dungeon.
             The game lasted 00:02:10 (1434 turns).

Hurrycane the Gusty (Tengu Air Elementalist)        Turns: 1434, Time: 00:02:11

Health: -1/18      AC:  2    Str:  8    XL:     2   Next: 91%
Magic:  6/6        EV: 12    Int: 15    God:
Gold:   105        SH:  0    Dex: 14    Spells: 2/5 levels left

rFire    . . .     SeeInvis .   i - +0 mace
rCold    . . .     Gourm    .   (no shield)
rNeg     . . .     Faith    .   a - +0 robe
rPois    .         Spirit   .   (helmet restricted)
rElec    .         Reflect  .   (no cloak)
rCorr    .         Harm     .   (no gloves)
MR       .....                  (boots unavailable)
Stlth    ++........             (no amulet)
Regen    0.1/turn               (no ring)
MPRegen  0.1/turn               (no ring)

@: lethally poisoned (-1 -> -13), about to teleport
A: beak, talons 3
a: no special abilities


You were on level 2 of the Dungeon.
You were hungry.

You visited 1 branch of the dungeon, and saw 2 of its levels.

You collected 105 gold pieces.

Inventory:

Hand Weapons
 e - a +0 dagger
 i - a +0 mace (weapon)
Armour
 a - a +0 robe (worn)
 g - a +0 leather armour
 m - a +0 leather armour
Jewellery
 d - a +2 ring of intelligence {unknown}
Scrolls
 f - 6 scrolls of identify
 k - a scroll of recharging
 l - a scroll of teleportation
Potions
 j - a potion of brilliance {unknown}
 n - a potion of lignification {unknown}
 o - 2 potions of invisibility {unknown}
 p - a potion of might {unknown}
Books
 b - a book of Air

   Spells                             Type                      Level
   a - Shock                          Conjuration/Air              1
   b - Swiftness                      Charms/Air                   2
   c - Static Discharge               Conjuration/Air              3
   d - Airstrike                      Air                          4
   e - Lightning Bolt                 Conjuration/Air              5
Comestibles
 c - 2 bread rations
 h - 4 fruits


   Skills:
 + Level 2.4 Fighting
 - Level 2.1 Dodging
 - Level 2.0 Stealth
 - Level 2.0 Spellcasting
 - Level 1.3 Conjurations
 - Level 4.0 Air Magic


You had 2 spell levels left.
You knew the following spells:

 Your Spells              Type           Power        Failure   Level  Hunger
a - Shock                 Conj/Air       #...         8%          1    #......
b - Swiftness             Chrm/Air       #.......     14%         2    ###....


Dungeon Overview and Level Annotations

Branches:
Dungeon (2/15)

Altars:

Annotations:
D:2 Robin


Innate Abilities, Weirdness & Mutations

You have a beak for a mouth.
You have claws for feet.


Message History

The goblin misses you.
The goblin hits you with a dagger of venom.
You are poisoned.
The hobgoblin hits you but does no damage.
The goblin barely misses you.
As you read the scroll labeled BYMPITE GOZECW, it crumbles to dust.
It is a scroll of identify.
k - a scroll of recharging You feel sick.
The goblin misses you.
Robin roars a battlecry!
The goblins go into a battle-frenzy!
The goblin hits you with a dagger of venom.
You are lethally poisoned!
The goblin hits you with a club. The goblin completely misses you.
The hobgoblin hits you but does no damage.
As you read the scroll labeled MIBRYE LEMADOQ, it crumbles to dust.
You feel strangely unstable.
It was a scroll of teleportation.
You feel sick. The goblin closely misses you.
The goblin hits you with a dagger of venom!
You die...

#..... .....
.... ... .. .#
######.###.#
.......K##.#
......gg##.#####
.....ggg@gK.....
......g#gg.####.
.......#.<.#
.......##..#
....... #..#
####### #..###
##...# #.#.#
#>..#


You could see Robin, a hobgoblin, 7 goblins and 2 kobolds.

Vanquished Creatures
  2 dart slugs (D:1)
  A leopard gecko (D:1)
  A hobgoblin (D:1)
  A ball python (D:1)
  A bat (D:1)
  A frilled lizard (D:2)
  5 goblins
  5 kobolds (D:1)
  4 rats (D:1)
21 creatures vanquished.

Notes
Turn   | Place    | Note
-------+----------+-------------------------------------------
     0 | D:1      | Hurrycane the Tengu Air Elementalist began the quest for the Orb.
     0 | D:1      | Reached XP level 1. HP: 10/10 MP: 4/4
    47 | D:1      | Reached skill level 1 in Fighting
   339 | D:1      | Reached XP level 2. HP: 16/16 MP: 6/6
   906 | D:1      | Learned a level 2 spell: Swiftness
  1427 | D:2      | Noticed Robin
  1434 | D:2      | Slain by a goblin

Skill      XL: |  1  2 |
---------------+-------+-----
Fighting       | 1 2 |  2.4
Dodging        | |  2.1
Stealth        | |  2.0
Spellcasting   | |  2.0
Conjurations   | |  1.3
Air Magic      | |  4.0

Action                   || total
-------------------------++-------
Melee: Unarmed           ||    15
       Kick              ||    16
       Dagger            ||    44
       Peck              ||     3
       Mace              ||     2
 Cast: Shock             ||     4
       Swiftness         ||     1
  Use: Scroll            ||     2
  Eat: Chunk             ||     1
Armor: Robe              ||    13
Dodge: Dodged            ||    42
